 Dungeon Crawl Stone Soup version 0.18-a0-1109-gfc003ac (webtiles) character file.

460 gorblad the Conjurer (level 6, 0/32 HPs)
             Began as a Deep Elf Conjurer on Jan 17, 2016.
             Killed from afar by Natasha (4 damage)
             ... with a magic dart
             ... on level 3 of the Dungeon.
             The game lasted 00:11:21 (2832 turns).

gorblad the Conjurer (Deep Elf Conjurer)            Turns: 2832, Time: 00:11:21

Health: 0/32       AC:  5    Str:  5    XL:     6   Next: 78%
Magic:  6/16       EV: 13    Int: 22    God:
Gold:   77         SH:  0    Dex: 15    Spells: 4 memorised, 6 levels left

rFire  . . .     SeeInvis .     e - +0 short sword
rCold  . . .     Gourm    .     a - +0 robe
rNeg   . . .     Faith    .     (no shield)
rPois  .         Spirit   .     r - +0 helmet
rElec  .         Dismiss  .     j - +1 cloak {+Inv}
rCorr  .         Reflect  .     (no gloves)
SustAt .         Harm     .     (no boots)
MR     .....                    (no amulet)
Stlth  +++.......               (no ring)
                                (no ring)

@: not resistant to hostile enchantments, fairly stealthy
A: no striking features
a: Evoke Invisibility


You were on level 3 of the Dungeon.
You were not hungry.

You visited 1 branch of the dungeon, and saw 3 of its levels.

You collected 77 gold pieces.

Inventory:

Hand Weapons
 e - a +0 short sword (weapon)
 l - a +4 mace of draining
Armour
 a - a +0 robe (worn)
 j - a +1 cloak of invisibility (worn)
 r - a +0 helmet (worn)
Jewellery
 g - a cursed ring of resist corrosion {unknown}
Scrolls
 n - a scroll of magic mapping {unknown}
 p - a scroll of random uselessness {unknown}
 q - a scroll of enchant weapon {unknown}
 s - a scroll of fear {unknown}
 t - a scroll of immolation {unknown}
 u - a scroll of remove curse {unknown}
Potions
 f - a potion of haste {unknown}
 h - a potion of brilliance {unknown}
 i - 5 potions of might
 k - a potion of magic {unknown}
 m - a potion of cancellation {unknown}
 o - a potion of lignification {unknown}
Books
 b - a book of Conjurations

   Spells                             Type                      Level
   a - Magic Dart                     Conjuration                  1
   b - Searing Ray                    Conjuration                  2
   c - Dazzling Spray                 Conjuration/Hexes            3
   d - Fulminant Prism                Conjuration/Hexes            4
   e - Iskenderun's Mystic Blast      Conjuration                  4
   f - Iskenderun's Battlesphere      Conjuration/Charms           5
Comestibles
 c - 3 bread rations
 d - 2 chunks of flesh


   Skills:
 - Level 2.4 Dodging
 - Level 5.6 Stealth
 - Level 5.5 Spellcasting
 + Level 6.7 Conjurations


You had 6 spell levels left.
You knew the following spells:

 Your Spells              Type           Power        Failure   Level  Hunger
a - Magic Dart            Conj           ####         1%          1    None
b - Searing Ray           Conj           #####.       1%          2    None
c - Dazzling Spray        Conj/Hex       ###.....     10%         3    ##.....
d - Iskenderun's Mystic   Conj           #####...     8%          4    ####...


Dungeon Overview and Level Annotations

Branches:
Dungeon (3/15)

Altars:
Okawaru
Qazlal

Annotations:
D:3 Natasha


Message History

* * * LOW HITPOINT WARNING * * *
It is a wand of frost {zapped: 2}.
Casting: Magic Dart
Confirm with . or Enter, or press ? or * to list all spells.
Aiming: Magic Dart
Press: ? - help, Shift-Dir - straight line, f/p - Natasha
Aim: Natasha, carrying a wand of frost {zapped: 3} (lightly wounded)
The magic dart hits Natasha.
Natasha is moderately wounded.
Natasha moves out of view.
Casting: Magic Dart
Confirm with . or Enter, or press ? or * to list all spells.
Aiming: Magic Dart
Press: ? - help, Shift-Dir - straight line, f/p - Natasha
Aim: Natasha, carrying a wand of frost {zapped: 3} (moderately wounded)
The magic dart hits Natasha.
Natasha is heavily wounded.
Natasha casts a spell at you. The magic dart hits you!
You die...

##[.#.###..#.###..# #.##
##......#......#..# #.#
#..###..#.###..#.## #.#
#....#......#....# #.#
#.#..#)###..#..### #.##
..#......#.....### .....
.##.###..#.......# ##.##
.##..[#.....#....#### #.#
.###..#.#...#...@#..
........#...#...รท#.##
.######..#######....# .#
####.##### #....#......... .#
#........# #....#..........#
.####>.......###....#..........#
....................h.........##
#####.......(########..........##
#..........#### #..........##


You could see Natasha.

Vanquished Creatures
  Grinder (D:3)
  Crazy Yiuf (D:3)
  Jessica (D:3)
  Natasha (twice) (D:3)
  Terence (D:3)
  5 adders
  2 oozes (D:3)
  A worm (D:3)
  6 giant geckos (D:2)
  2 ball pythons
  7 giant cockroaches
  9 goblins
  9 hobgoblins
  4 jackals (D:2)
  2 quokkas (D:2)
  6 bats
  5 giant newts
  A kobold (D:1)
  5 rats
70 creatures vanquished.

Notes
Turn   | Place    | Note
--------------------------------------------------------------
     0 | D:1      | gorblad the Deep Elf Conjurer began the quest for the Orb.
     0 | D:1      | Reached XP level 1. HP: 10/10 MP: 6/6
   400 | D:1      | Reached XP level 2. HP: 15/15 MP: 5/8
   756 | D:1      | Reached XP level 3. HP: 19/19 MP: 2/10
  1521 | D:2      | Reached XP level 4. HP: 24/24 MP: 6/12
  1837 | D:2      | Found a stormy altar of Qazlal.
  1874 | D:3      | Found an iron altar of Okawaru.
  1875 | D:3      | Noticed Natasha
  1881 | D:3      | Killed Natasha
  1881 | D:3      | Reached skill level 5 in Stealth
  1958 | D:3      | Learned a level 2 spell: Searing Ray
  1962 | D:3      | Learned a level 3 spell: Dazzling Spray
  1967 | D:3      | Learned a level 4 spell: Iskenderun's Mystic Blast
  1977 | D:3      | Noticed Crazy Yiuf
  1984 | D:3      | Killed Crazy Yiuf
  1984 | D:3      | Reached skill level 5 in Spellcasting
  1984 | D:3      | Reached XP level 5. HP: 28/28 MP: 0/14
  2228 | D:3      | Noticed Terence
  2242 | D:3      | Killed Terence
  2484 | D:3      | Noticed Grinder
  2486 | D:3      | Noticed Jessica
  2490 | D:3      | Killed Jessica
  2505 | D:3      | Paralysed by Grinder for 6 turns
  2513 | D:3      | Paralysed by Grinder for 7 turns
  2524 | D:3      | Paralysed by Grinder for 3 turns
  2542 | D:3      | Paralysed by Grinder for 2 turns
  2544 | D:3      | Killed Grinder
  2544 | D:3      | Reached skill level 6 in Conjurations
  2544 | D:3      | Reached XP level 6. HP: 12/32 MP: 0/16
  2815 | D:3      | Noticed Natasha
  2819 | D:3      | Killed Natasha
  2829 | D:3      | Noticed Natasha
  2832 | D:3      | Killed from afar by Natasha

Vault maps used:
D:1:      minmay_arrival_hallway
D:2:      overflow_temple_1_default, corexii_corridor_pit
D:3:      okawaru_trees_1, hangedman_decor_points, hex_intersection,
          uniq_crazy_yiuf_cottage, uniq_terence, uniq_natasha, uniq_jessica,
          uniq_grinder

Action                   |  1- 3 |  4- 6 || total
-------------------------+-------+-------++-------
Melee: Short sword       |     5 |    14 ||    19
 Cast: Magic Dart        |    88 |    73 ||   161
       Dazzling Spray    |       |     3 ||     3
       Searing Ray       |       |    17 ||    17
  Use: Scroll            |     2 |     1 ||     3
 Stab: Sleeping          |       |     1 ||     1
  Eat: Chunk             |     2 |     4 ||     6
